[Event "Early-Titled-Tuesday-Blitz-February-27-2024"]
[Site "Chess.com"]
[Date "2024.02.27"]
[Round "10"]
[White "UK_23"]
[Black "viktorskliarov"]
[Result "0-1"]
[WhiteElo "2381"]
[BlackElo "2588"]
[TimeControl "180+1"]
[EndTime "9:53:39 PST"]
[Termination "viktorskliarov won by resignation"]

1. e4 c5 2. Nf3 Nc6 3. Bb5 e6 4. O-O Nge7 5. Re1 Nd4 6. Nxd4 cxd4 7. c3 a6 8. Bf1 Nc6 9. cxd4 Nxd4 10. Nc3 Bc5 11.
d3 O-O 12. Be3 b5 13. Rc1 Bb6 14. a4 b4 15. Ne2 Nxe2+ 16. Rxe2 Bb7 17. Qd2 a5 18. b3 f5 19. Bxb6 Qxb6 20. Qe3 Qxe3 21. Rxe3 f4 22. Ree1 Rac8 23. f3 e5 24. Kf2 Kf7 25.
Ke2 Ke6 26. Kd2 d5 27. Rxc8 Rxc8 28. Rc1 Rxc1 29. Kxc1 Ba6 30. Kd2 dxe4 31. fxe4 Kd6 32. Be2 Bc8 33. Kc2 Kc5 34. Kd2 Kd4 35. Bd1 Be6 36. Bc2 g5 37. Bd1 g4 38. Bc2 h5 39.
Bd1 h4 40. Bc2 g3 41. hxg3 fxg3 42. Ke2 Bg4+ 43. Kf1 Ke3 0-1

[Event "Early-Titled-Tuesday-Blitz-February-27-2024"]
[Site "Chess.com"]
[Date "2024.02.27"]
[Round "10"]
[White "PabloZarnicki"]
[Black "emeli_chess"]
[Result "1-0"]
[WhiteElo "2621"]
[BlackElo "2438"]
[TimeControl "180+1"]
[EndTime "9:53:41 PST"]
[Termination "PabloZarnicki won by resignation"]

1. d4 Nf6 2. Nf3 e6 3. Nc3 d5 4. Bf4 c5 5. Nb5 Na6 6. e3 Be7 7. c3 O-O 8. Be2 Bd7 9. a4 Ne4 10. O-O Bxb5 11. axb5 Nc7 12. c4 dxc4 13. Bxc4 Nd6 14.
Be2 Ndxb5 15. dxc5 Qxd1 16. Rfxd1 Bxc5 17. Rac1 Bb6 18. Ne5 Rfd8 19. Nd7 Ba5 20. b4 Bxb4 21. Bxc7 Nxc7 22. Rxc7 b6 23. Bf3 Rac8 24. Rxa7 Ba5 25. g3 g6 26. Kg2 Kg7 27. Rb1 Rc2 28. Ne5 Rdd2 29. Rxf7+ Kg8 30. Be4 Ra2 31. Rc1 Rd8 32. Rcc7 1-0

[Event "Early-Titled-Tuesday-Blitz-February-27-2024"]
[Site "Chess.com"]
[Date "2024.02.27"]
[Round "10"]
[White "ValeriyGrinev"]
[Black "the_blue_pill"]
[Result "1-0"]
[WhiteElo "2590"]
[BlackElo "2427"]
[TimeControl "180+1"]
[EndTime "9:53:43 PST"]
[Termination "ValeriyGrinev won on time"]

1. d4 Nf6 2. c4 c5 3. d5 g6 4. Nc3 d6 5. e4 Bg7 6. h3 O-O 7.
Nf3 e6 8. Bd3 exd5 9. exd5 Re8+ 10. Be3 Rxe3+ 11. fxe3 Nbd7 12. O-O Nh5 13. Rf2 Qe7 14.
Qd2 Ne5 15. g4 Ng3 16. Kg2 f5 17. Kxg3 fxg4 18. Nxe5 Bxe5+ 19. Kg2 Qh4 20. Ne4 Qxh3+ 21. Kg1 g3 22. Rg2 Bf5 23. Rf1 Rf8 24. Ng5 Qh5 25.
Bxf5 Rxf5 26. Rxf5 gxf5 27. Ne6 Kf7 28. Nf4 Qf3 29. Qe2 Qe4 30. Rxg3 Bxf4 31. Qh5+ Ke7 32. exf4 1-0

[Event "Early-Titled-Tuesday-Blitz-February-27-2024"]
[Site "Chess.com"]
[Date "2024.02.27"]
[Round "10"]
[White "TregubovP"]
[Black "kidagent"]
[Result "1-0"]
[WhiteElo "2683"]
[BlackElo "2368"]
[TimeControl "180+1"]
[EndTime "9:53:44 PST"]
[Termination "TregubovP won by resignation"]

1. e4 c6 2. Nf3 d5 3. Nc3 Bg4 4. h3 Bxf3 5. Qxf3 e6 6. g3 Nf6 7.
Bg2 Nbd7 8. d4 dxe4 9. Nxe4 Nxe4 10. Qxe4 Nf6 11. Qd3 Be7 12. O-O Qb6 13. Rd1 O-O 14. c4 Rfd8 15. Be3 Qa6 16. Qc2 Rd7 17. Rab1 Rad8 18. b4 b5 19. Rdc1 bxc4 20. Qxc4 Qxc4 21. Rxc4 Nd5 22. a3 Rc7 23. Rbc1 Rdc8 24. Bd2 a6 25. Bf1 Bd6 26. R4c2 a5 27. bxa5 Bxa3 28. Rb1 c5 29. a6 cxd4 30. Rxc7 Rxc7 31. Rb8+ Bf8 32. Bg2 Nf6 33. Bb7 Nd7 34. a7 1-0

[Event "Early-Titled-Tuesday-Blitz-February-27-2024"]
[Site "Chess.com"]
[Date "2024.02.27"]
[Round "10"]
[White "Better_Chess_Faster"]
[Black "LangesNasenhaar"]
[Result "1/2-1/2"]
[WhiteElo "2181"]
[BlackElo "2396"]
[TimeControl "180+1"]
[EndTime "9:53:44 PST"]
[Termination "Game drawn by repetition"]

1. d4 g6 2. e4 Bg7 3. Nc3 c6 4. Be3 d5 5. h3 dxe4 6. Nxe4 Nf6 7. Nxf6+ exf6 8. Nf3 O-O 9. Be2 Re8 10. O-O Bf5 11. c3 Nd7 12. Nh2 Nb6 13. Ng4 Bxg4 14.
Bxg4 f5 15. Bf3 Nd5 16. Bd2 Qc7 17. Bxd5 cxd5 18. Qf3 Re4 19. Rfe1 Rae8 20. Qd3 Qc4 21. Qxc4 dxc4 22. f3 Rxe1+ 23. Rxe1 Rxe1+ 24. Bxe1 Kf8 25. Kf2 Ke7 26. Ke2 Ke6 27. Bg3 Bh6 28. Bb8 a6 29. b3 b5 30. bxc4 bxc4 31. Kd1 Kd5 32. Kc2 Kc6 33. Kb2 Kb5 34. Be5 Ka4 35. Bd6 Be3 36.
Be7 Kb5 37. Kc2 Bf4 38. Kb2 Bc7 39. Bf8 Ba5 40. Bh6 Kc6 41. Bf8 h5 42. Bb4 Bc7 43. Bc5 Kd5 44. Ka3 g5 45. Ka4 g4 46. Bb4 Kc6 47.
Ba5 Bd6 48. Bb4 Bc7 49. Ba5 Bd6 50. Bb4 Bc7 1/2-1/2

[Event "Early-Titled-Tuesday-Blitz-February-27-2024"]
[Site "Chess.com"]
[Date "2024.02.27"]
[Round "10"]
[White "Kunalm64"]
[Black "claudyna16"]
[Result "1-0"]
[WhiteElo "2599"]
[BlackElo "2479"]
[TimeControl "180+1"]
[EndTime "9:53:45 PST"]
[Termination "Kunalm64 won by resignation"]

1. e4 e5 2. Nf3 Nc6 3. Bb5 a6 4. Ba4 d6 5. Bxc6+ bxc6 6. O-O c5 7. c3 g6 8. d4 cxd4 9. cxd4 exd4 10. Qxd4 f6 11.
Nc3 Bg7 12. Nd5 Be6 13. Qc4 Bxd5 14. Qxd5 Ne7 15. Qc4 Qd7 16. Bf4 Qb5 17. Qxc7 Rc8 18. Qxd6 Qxb2 19. Rab1 Qxa2 20. Rb7 Qf7 21. Qd7+ Kf8 22.
Nd4 Re8 23. Bd6 Kg8 24. Bxe7 Bf8 25. Bxf8 Qxf8 26. Qd5+ 1-0

[Event "Early-Titled-Tuesday-Blitz-February-27-2024"]
[Site "Chess.com"]
[Date "2024.02.27"]
[Round "10"]
[White "Chesstiger64"]
[Black "TitarovVasiliYouTube"]
[Result "1-0"]
[WhiteElo "2365"]
[BlackElo "2485"]
[TimeControl "180+1"]
[EndTime "9:53:46 PST"]
[Termination "Chesstiger64 won by resignation"]

1. d4 d6 2. Nf3 Nf6 3. Bg5 Bg4 4. Bxf6 gxf6 5. e3 d5 6. Be2 Bxf3 7. Bxf3 e6 8. c4 c6 9. Nc3 f5 10. cxd5 cxd5 11. Qb3 Qd7 12. Rc1 Nc6 13. O-O Bd6 14.
Na4 b6 15. Nc3 Na5 16. Qc2 O-O 17. Be2 Rac8 18. Bb5 Qc7 19. Qe2 Qe7 20. Ba6 Rc7 21.
Nb5 Rxc1 22. Rxc1 Bb8 23. Qh5 Nc4 24. Rc2 Kh8 25. g3 Qb4 26. Qh6 Qe7 27. Nc3 Nd6 28. Bd3 Rc8 29. Ne2 Rxc2 30. Bxc2 Bc7 31. Bd3 Bd8 32. Nf4 Ne8 33. h4 f6 34. Ng6+ Kg8 35. Nxe7+ Bxe7 36. g4 fxg4 37. Bxh7+ 1-0

[Event "Early-Titled-Tuesday-Blitz-February-27-2024"]
[Site "Chess.com"]
[Date "2024.02.27"]
[Round "10"]
[White "Juicy_Fork"]
[Black "Matols"]
[Result "1-0"]
[WhiteElo "2533"]
[BlackElo "2405"]
[TimeControl "180+1"]
[EndTime "9:53:48 PST"]
[Termination "Juicy_Fork won on time"]

1. e4 c6 2. d4 d5 3. Nd2 dxe4 4. Nxe4 Nf6 5. Ng5 h6 6. Nxf7 Kxf7 7.
Nf3 Bf5 8. Bc4+ e6 9. Ne5+ Ke7 10. g4 Be4 11. f3 Bd5 12. Ng6+ Ke8 13. Bxd5 Qxd5 14. Nxh8 Nbd7 15. Bf4 Nxg4 16. Qd3 Ngf6 17. Qg6+ Kd8 18. O-O-O Qxa2 19. Nf7+ Kc8 20. c3 Qa1+ 21.
Kc2 Qa4+ 22. Kb1 a5 23. Nd6+ Bxd6 24. Bxd6 b5 25. Qxg7 b4 26. Rc1 b3 27. Ba3 Qb5 28.
Rhe1 Qd3+ 29. Ka1 a4 30. Rxe6 Ra5 31. Rxc6+ Kb7 32. Rxf6 Rd5 33. Rd6 Rxd6 34. Bxd6 Kc6 35. Ba3 Qd2 36. Qg6+ 1-0

[Event "Early-Titled-Tuesday-Blitz-February-27-2024"]
[Site "Chess.com"]
[Date "2024.02.27"]
[Round "10"]
[White "balack95"]
[Black "Arlo2024"]
[Result "1-0"]
[WhiteElo "2473"]
[BlackElo "2301"]
[TimeControl "180+1"]
[EndTime "9:53:49 PST"]
[Termination "balack95 won by checkmate"]

1. d4 Nf6 2. c4 c5 3. d5 b5 4. Qc2 b4 5. a3 a5 6. e4 d6 7. Bd3 g6 8. Nf3 Bg7 9. O-O O-O 10. Re1 e5 11. dxe6 Bxe6 12. Nbd2 Nc6 13. e5 dxe5 14. Ne4 Nd4 15. Nxd4 cxd4 16. Bg5 Bf5 17.
axb4 Bxe4 18. Bxe4 Rb8 19. bxa5 h6 20. Bxf6 Qxf6 21. a6 Qb6 22. Ra2 f5 23. Bd5+ Kh7 24. a7 Ra8 25. c5 Qb4 26. Rc1 e4 27. Bxa8 Rxa8 28. Qc4 Qb7 29. c6 Qc7 30. b4 Rxa7 31. Rxa7 Qxa7 32. c7 e3 33. c8=Q exf2+ 34. Kf1 d3 35.
Q4g8# 1-0

[Event "Early-Titled-Tuesday-Blitz-February-27-2024"]
[Site "Chess.com"]
[Date "2024.02.27"]
[Round "10"]
[White "Shuvalov"]
[Black "1mbl4"]
[Result "0-1"]
[WhiteElo "2508"]
[BlackElo "2620"]
[TimeControl "180+1"]
[EndTime "9:53:50 PST"]
[Termination "1mbl4 won by resignation"]

1. d4 g6 2. c4 Bg7 3. e4 d6 4.
Nc3 Nf6 5. Nf3 O-O 6. Be2 Bg4 7. Be3 Nfd7 8. Ng1 Bxe2 9. Ngxe2 Nc6 10. O-O e5 11. d5 Ne7 12. b4 f5 13. f3 a5 14. a3 fxe4 15. fxe4 Rxf1+ 16. Qxf1 Nf6 17. h3 Nh5 18. c5 Nf4 19. Rc1 axb4 20. axb4 Ra3 21.
Bxf4 exf4 22. Qxf4 Be5 23. Qg4 Kg7 24. cxd6 cxd6 25. Kh1 Ng8 26. Nb5 Nf6 27. Qe6 Re3 28.
Rc7+ Kh6 29. Ng1 Nxe4 30. g4 Qh4 31. g5+ Nxg5 32. Qd7 Qe4+ 0-1

[Event "Early-Titled-Tuesday-Blitz-February-27-2024"]
[Site "Chess.com"]
[Date "2024.02.27"]
[Round "10"]
[White "NewYearGirl"]
[Black "WiktoriaPOL"]
[Result "0-1"]
[WhiteElo "2363"]
[BlackElo "2266"]
[TimeControl "180+1"]
[EndTime "9:53:54 PST"]
[Termination "WiktoriaPOL won by resignation"]

1. e4 c5 2. Nf3 d6 3. d4 cxd4 4. Nxd4 Nf6 5. Nc3 a6 6. Bg5 Nbd7 7. f4 Qc7 8. Qf3 b5 9. e5 Bb7 10. exd6 Qb6 11. Qe3 e6 12. O-O-O Bxd6 13. f5 e5 14. Ndxb5 Bc5 15. Nd6+ Ke7 16. Bxf6+ gxf6 17. Qd2 Be3 18. Nc4 Bxd2+ 19. Rxd2 Qc5 20. Nd6 Qxd6 21. Rxd6 Kxd6 22. Bc4 Nb6 23. Bxf7 Bxg2 24. Rg1 Bc6 25. Rg7 Ra7 26. Rg8 Rxg8 27. Bxg8 Rg7 28. Be6 Bd5 29. Bxd5 Nxd5 30. Ne4+ Ke7 31. c4 Ne3 32. c5 Nxf5 33. b4 Rg2 34. a4 Nd4 35. h3 f5 36. Nd6 f4 37. Ne4 f3 0-1

[Event "Early-Titled-Tuesday-Blitz-February-27-2024"]
[Site "Chess.com"]
[Date "2024.02.27"]
[Round "10"]
[White "kleinebeer98"]
[Black "Polish_fighter3000"]
[Result "0-1"]
[WhiteElo "2903"]
[BlackElo "3079"]
[TimeControl "180+1"]
[EndTime "9:53:57 PST"]
[Termination "Polish_fighter3000 won by resignation"]

1. e4 c5 2. Nf3 d6 3. d4 cxd4 4.
Nxd4 Nf6 5. Nc3 a6 6. a3 e5 7. Nf5 d5 8. Bg5 d4 9. Bxf6 gxf6 10. Nb1 Qb6 11. Nd2 Qxb2 12. Bc4 h5 13. Rb1 Qxa3 14.
O-O b5 15. Bd5 Ra7 16. Rb3 Qc5 17. c4 dxc3 18. Nb1 c2 19. Qf3 cxb1=Q 20. Rfxb1 Rc7 21. Rd3 Be6 22. Rbd1 Nd7 23. Bxe6 fxe6 24. Nd6+ Bxd6 25. Rxd6 Ke7 26. Qg3 Qxd6 27. Qg7+ Ke8 28. Qxh8+ Qf8 29. Qxh5+ Ke7 30. h4 b4 31. Qh7+ Qf7 32. Qh8 Nf8 33. Qh6 Rd7 34. Rb1 Qh7 35. Qe3 Qxh4 36. Qc5+ Kf7 37.
Qxb4 Qg4 38. Qa4 Rd4 39. Rb7+ Kg8 40. Qa3 Rd1+ 41. Kh2 Qh4+ 42. Qh3 Qxh3+ 43. Kxh3 Rd7 0-1

[Event "Early-Titled-Tuesday-Blitz-February-27-2024"]
[Site "Chess.com"]
[Date "2024.02.27"]
[Round "10"]
[White "Rud_Makarian"]
[Black "AryanTari"]
[Result "0-1"]
[WhiteElo "3086"]
[BlackElo "2949"]
[TimeControl "180+1"]
[EndTime "9:53:59 PST"]
[Termination "AryanTari won by resignation"]

1. c4 e5 2. Nc3 Nf6 3. Nf3 Nc6 4. e3 Bb4 5. Qc2 Bxc3 6. Qxc3 Qe7 7. a3 O-O 8. b4 d5 9. cxd5 Nxd5 10. Qb3 Be6 11.
Qc2 a6 12. Bb2 f6 13. Bd3 g5 14. O-O Rad8 15. Be4 f5 16. Bxd5 Bxd5 17. Ne1 g4 18.
Qc3 Rd6 19. Nd3 Re8 20. f4 gxf3 21. gxf3 Rg6+ 22. Kf2 Qh4+ 23. Ke2 Nd4+ 24. Kd1 Bb3+ 25. Qxb3+ Nxb3 26. Rb1 Qc4 0-1

[Event "Early-Titled-Tuesday-Blitz-February-27-2024"]
[Site "Chess.com"]
[Date "2024.02.27"]
[Round "10"]
[White "Gabrielian_Artur"]
[Black "MusicCityMaster"]
[Result "1-0"]
[WhiteElo "2779"]
[BlackElo "2560"]
[TimeControl "180+1"]
[EndTime "9:54:01 PST"]
[Termination "Gabrielian_Artur won by resignation"]

1. e4 e6 2. d4 d5 3. e5 c5 4. c3 Nc6 5. Nf3 Qb6 6. Bd3 cxd4 7. O-O Bd7 8. Nbd2 dxc3 9. bxc3 Nge7 10.
Rb1 Qc7 11. Re1 Ng6 12. Bxg6 hxg6 13. c4 Nb4 14. Qb3 Bc6 15. Ba3 a5 16. Rec1 a4 17.
Qe3 Nxa2 18. Rc2 d4 19. Nxd4 Bxa3 20. Qxa3 Qxe5 21. N4f3 Qf5 22. Rxa2 g5 23. Re1 g4 24.
Ne5 Rxh2 25. Nxc6 bxc6 26. Kxh2 Qxf2 27. Qg3 Qc5 28. Ne4 Qa7 29. c5 O-O-O 30. Nd6+ Kb8 31. Nxf7+ Ka8 32. Nxd8 1-0

[Event "Early-Titled-Tuesday-Blitz-February-27-2024"]
[Site "Chess.com"]
[Date "2024.02.27"]
[Round "10"]
[White "mightysmasher"]
[Black "Brave_spirit12"]
[Result "0-1"]
[WhiteElo "2544"]
[BlackElo "2700"]
[TimeControl "180+1"]
[EndTime "9:54:01 PST"]
[Termination "Brave_spirit12 won by checkmate"]

1. e4 e6 2. d4 d5 3. exd5 exd5 4.
Nf3 Nc6 5. Bd3 Bd6 6. O-O Nge7 7. c3 Bg4 8. Re1 Qd7 9. b4 O-O-O 10. a4 h5 11. a5 h4 12. b5 Nb8 13. b6 a6 14.
bxc7 Qxc7 15. h3 Bh5 16. Ba3 g5 17. Bxd6 Rxd6 18. Qe2 Re6 19. Qd1 Bxf3 20. gxf3 Qf4 21. Nd2 Nbc6 22. Rxe6 fxe6 23. Nb3 Rf8 24. Be2 g4 25.
hxg4 h3 26. Nc5 Nd8 27. Rb1 Nec6 28. Qb3 Qd2 29. Nxe6 Qxe2 30. Nxd8 h2+ 31. Kxh2 Qxf2+ 32. Kh3 Rh8# 0-1

[Event "Early-Titled-Tuesday-Blitz-February-27-2024"]
[Site "Chess.com"]
[Date "2024.02.27"]
[Round "10"]
[White "GlavkonVVS"]
[Black "Zheenbekov86"]
[Result "0-1"]
[WhiteElo "2519"]
[BlackElo "2433"]
[TimeControl "180+1"]
[EndTime "9:54:01 PST"]
[Termination "Zheenbekov86 won by resignation"]

1. c4 Nf6 2. Nc3 g6 3. Nf3 Bg7 4. d4 d6 5. Bg5 O-O 6. e3 Nbd7 7. Be2 e5 8. h3 Re8 9. O-O c6 10. b4 h6 11. Bh4 e4 12. Nd2 g5 13. Bg3 Nf8 14. c5 d5 15. b5 Ng6 16. bxc6 bxc6 17. Qa4 Bd7 18. Rab1 h5 19. Rb7 g4 20. hxg4 h4 21. Bd6 Nxg4 22. Nxd5 Qg5 23. Rxd7 cxd5 24. Rxa7 Rxa7 25. Qxe8+ Kh7 26. Qc8 Nxe3 27. fxe3 Qxe3+ 28. Kh1 Qxe2 29. Qf5 Qxd2 30. Qxd5 Qe2 31. Rxf7 Rxa2 32. Qg5 Qd1+ 33. Kh2 h3 34. Rxg7+ Kxg7 35. Be5+ Kh7 36. Qh5+ Qxh5 0-1

[Event "Early-Titled-Tuesday-Blitz-February-27-2024"]
[Site "Chess.com"]
[Date "2024.02.27"]
[Round "10"]
[White "GelmanAlexander"]
[Black "Der_Balak_3Halak"]
[Result "0-1"]
[WhiteElo "2686"]
[BlackElo "2469"]
[TimeControl "180+1"]
[EndTime "9:54:04 PST"]
[Termination "Der_Balak_3Halak won by resignation"]

1. d4 d5 2. Nc3 Nf6 3. Bf4 e6 4. Nb5 Na6 5. e3 c6 6. Nc3 Bd6 7. Nf3 Bxf4 8. exf4 b5 9. Ne5 Qb6 10. a4 b4 11. a5 Qc7 12. Na4 Nd7 13. Bd3 O-O 14.
Qe2 Nab8 15. h4 f5 16. g4 Qd8 17. gxf5 exf5 18. O-O-O Qxa5 19. b3 Nxe5 20. Qxe5 Nd7 21. Qe6+ Kh8 22. Rhg1 Nb6 23. Rxg7 Bxe6 0-1

[Event "Early-Titled-Tuesday-Blitz-February-27-2024"]
[Site "Chess.com"]
[Date "2024.02.27"]
[Round "10"]
[White "VladimirBugayev"]
[Black "Schattman"]
[Result "0-1"]
[WhiteElo "2253"]
[BlackElo "2438"]
[TimeControl "180+1"]
[EndTime "9:54:05 PST"]
[Termination "Schattman won by resignation"]

1. e4 e6 2. d4 d5 3. Bd3 dxe4 4. Bxe4 Nf6 5. Bf3 c5 6. Ne2 Nc6 7. Be3 cxd4 8. Nxd4 Qa5+ 9. Nc3 Bd7 10. O-O Rd8 11.
a3 Nxd4 12. Qxd4 Bc6 13. Qxa7 Qxa7 14. Bxc6+ bxc6 15. Bxa7 Ra8 16. Bd4 c5 17. Bxf6 gxf6 18. Nb5 Kd7 19. c4 Kc6 20. a4 Bd6 21. f4 Rhd8 22.
b3 f5 23. g3 Be7 24. Rfd1 Bf6 25. Rab1 h5 26. Kg2 h4 27. Kf3 Bd4 28. gxh4 Rh8 29.
Nxd4+ cxd4 30. Rxd4 Rxh4 31. b4 Rxa4 32. b5+ Kc5 33.
Kg3 Rg4+ 34. Kf3 Kxd4 35. b6 Ra3+ 36. Kf2 Rxf4+ 37. Kg1 Rg4+ 38. Kh1 Rg8 39. b7 Rb8 0-1

[Event "Early-Titled-Tuesday-Blitz-February-27-2024"]
[Site "Chess.com"]
[Date "2024.02.27"]
[Round "10"]
[White "LiamPutnam2008"]
[Black "DumbKing75"]
[Result "1-0"]
[WhiteElo "2796"]
[BlackElo "2650"]
[TimeControl "180+1"]
[EndTime "9:54:06 PST"]
[Termination "LiamPutnam2008 won on time"]

1. f3 d5 2. Kf2 e5 3. e3 Bd6 4. g3 h5 5. d4 exd4 6. Qxd4 Nf6 7. Nc3 Nc6 8. Bb5 a6 9. Bxc6+ bxc6 10. h4 c5 11. Qd2 Bb7 12. Nge2 Qd7 13. b3 Qf5 14.
Qd3 Ne4+ 15. Kg2 c4 16. fxe4 dxe4 17. Qd1 Qf3+ 18. Kg1 Bc5 19. Qf1 Bxe3+ 20. Bxe3 Qxe3+ 21. Qf2 Qh6 22. Qf4 Qg6 23. bxc4 O-O 24. Nd5 Rfe8 25. Nxc7 e3 26. Rh2 1-0

[Event "Early-Titled-Tuesday-Blitz-February-27-2024"]
[Site "Chess.com"]
[Date "2024.02.27"]
[Round "10"]
[White "sotochess"]
[Black "francyIM"]
[Result "0-1"]
[WhiteElo "2640"]
[BlackElo "2791"]
[TimeControl "180+1"]
[EndTime "9:54:06 PST"]
[Termination "francyIM won on time"]

1. e4 Nc6 2. Nf3 e5 3. Bb5 a6 4. Ba4 d6 5. O-O g6 6. c3 Bg7 7. d4 Bd7 8. Re1 Nf6 9. Bg5 h6 10. Bh4 O-O 11. Nbd2 Qe8 12. Bb3 Nh5 13. dxe5 Nxe5 14.
Nxe5 dxe5 15. f3 Be6 16. Bf2 Qc6 17. Qc2 Rfd8 18. Rad1 Nf4 19. Nf1 a5 20. Ne3 a4 21.
Bxe6 fxe6 22. Rxd8+ Rxd8 23. Rd1 Rd6 24. Rxd6 cxd6 25.
Qd2 d5 26. exd5 exd5 27. Nc2 Bf8 28. Be3 g5 29. g3 Ne6 30. Bf2 Be7 31. a3 Kf7 32. Qe2 Bf6 33. Nb4 Qd7 34. Qd1 Nc7 35. Bb6 d4 36. cxd4 exd4 37. Bxc7 Qxc7 38. Nd3 b5 0-1

[Event "Early-Titled-Tuesday-Blitz-February-27-2024"]
[Site "Chess.com"]
[Date "2024.02.27"]
[Round "10"]
[White "RJRA94"]
[Black "yuriydovzik"]
[Result "1-0"]
[WhiteElo "2310"]
[BlackElo "2130"]
[TimeControl "180+1"]
[EndTime "9:54:06 PST"]
[Termination "RJRA94 won on time"]

1. d4 Nf6 2. Nf3 e6 3. Bg5 c5 4. e3 Qb6 5. Nc3 d5 6. Be2 Nc6 7. O-O cxd4 8. exd4 Ne4 9. Be3 Nxc3 10. bxc3 Qc7 11. c4 dxc4 12. Bxc4 Be7 13. c3 O-O 14. Bd3 b6 15. Re1 Bb7 16. Rc1 Rad8 17. Ng5 g6 18. Qf3 Nb4 19. cxb4 Qxc1 20. Rxc1 Bxf3 21.
Nxf3 Bxb4 22. Rc7 a5 23. g3 Rc8 24. Rb7 Rc3 25. Bb5 Rc2 26. Bh6 Rfc8 27. Ne5 R2c7 28.
Rxb6 f6 29. Nc6 Kf7 30. Bf4 1-0

[Event "Early-Titled-Tuesday-Blitz-February-27-2024"]
[Site "Chess.com"]
[Date "2024.02.27"]
[Round "10"]
[White "lagunanivaria"]
[Black "martinmena"]
[Result "1-0"]
[WhiteElo "2433"]
[BlackElo "2253"]
[TimeControl "180+1"]
[EndTime "9:54:07 PST"]
[Termination "lagunanivaria won by resignation"]

1. Nf3 d5 2. d4 Nf6 3. Bf4 e6 4. e3 Bd6 5. Bd3 Bxf4 6. exf4 O-O 7. O-O c5 8. c3 cxd4 9. cxd4 Nc6 10. Nc3 Qb6 11.
Rb1 Kh8 12. Bb5 a6 13. Bxc6 bxc6 14. Na4 Qc7 15. g3 Ne4 16. Ne5 f6 17. Nd3 Qa7 18. Nac5 Nxc5 19. dxc5 Qc7 20. Re1 Bd7 21. h4 Rae8 22.
Qe2 Re7 23. Nb4 a5 24. Nc2 e5 25. Qd2 Bf5 26. Rbc1 Rb8 27. Ne3 Bg6 28. fxe5 fxe5 29. b3 e4 30. Ng2 Rf8 31. Nf4 Bf5 32. Qd4 Qe5 33. Qxe5 Rxe5 34. Ne2 e3 35. Nd4 exf2+ 36. Kxf2 Re4 37. Rxe4 Bxe4+ 38. Kg1 Rc8 39. Rf1 Kg8 40. Rf2 a4 41. bxa4 g6 42. a5 Bf5 43. Rb2 Ra8 44.
Nxc6 Bd7 45. Rb8+ Rxb8 46. Nxb8 Kg7 47. a6 Bc8 48. a7 Bb7 49. c6 Ba8 50. c7 Bb7 51.
a8=Q Bxa8 52. c8=Q Bb7 53. Qxb7+ 1-0

[Event "Early-Titled-Tuesday-Blitz-February-27-2024"]
[Site "Chess.com"]
[Date "2024.02.27"]
[Round "10"]
[White "GMKrikor"]
[Black "PolandHussars"]
[Result "1-0"]
[WhiteElo "2896"]
[BlackElo "2571"]
[TimeControl "180+1"]
[EndTime "9:54:10 PST"]
[Termination "GMKrikor won by checkmate"]

1. Nf3 Nf6 2. c4 e6 3. Nc3 d5 4. d4 Bb4 5. cxd5 exd5 6. Bf4 c6 7. e3 O-O 8. Bd3 Re8 9. O-O Bd6 10. Bxd6 Qxd6 11. Qb3 Nbd7 12. h3 a6 13. Rac1 Nf8 14.
Ne5 Ng6 15. f4 Ra7 16. Qb6 Ra8 17. Na4 Nd7 18. Qb3 Ngf8 19. Rfe1 f6 20. Nf3 Kh8 21.
Qc2 a5 22. a3 b5 23. Nc5 Nxc5 24. Qxc5 Qxc5 25. Rxc5 Bd7 26. f5 a4 27. Kf2 Re7 28.
e4 dxe4 29. Rxe4 Rae8 30. Rxe7 Rxe7 31. g4 g6 32. Nh4 Kg7 33. Ng2 g5 34. Ne3 Be8 35. d5 cxd5 36. Nxd5 Re5 37. Rc7+ Bf7 38. Nc3 Kg8 39. Bxb5 Bb3 40. Bxa4 Bxa4 41. Nxa4 Rd5 42. Ke3 Rd1 43. Nc5 h5 44. gxh5 Rh1 45. Ne4 Rxh3+ 46.
Kd4 Nh7 47. a4 Rb3 48. a5 Rxb2 49. a6 Ra2 50. a7 Ra4+ 51. Ke3 Rxa7 52. Rxa7 g4 53. h6 g3 54. Rg7+ Kh8 55. Rxg3 Nf8 56. Nxf6 Ng6 57. Ke4 Ne7 58. Rg7 Ng6 59. Rh7# 1-0

[Event "Early-Titled-Tuesday-Blitz-February-27-2024"]
[Site "Chess.com"]
[Date "2024.02.27"]
[Round "10"]
[White "ChessSwole"]
[Black "ReinisUz"]
[Result "1-0"]
[WhiteElo "2700"]
[BlackElo "2424"]
[TimeControl "180+1"]
[EndTime "9:54:11 PST"]
[Termination "ChessSwole won by resignation"]

1. e4 c5 2. c3 Nf6 3. e5 Nd5 4. d4 cxd4 5. Qxd4 Nc7 6. Nf3 Nc6 7. Qe4 d6 8. exd6 Qxd6 9. Be2 g6 10. O-O Bg7 11. Qh4 O-O 12. Bf4 e5 13. Rd1 Qc5 14.
Be3 Qe7 15. Qxe7 Nxe7 16. Bc5 Re8 17. Bd6 Ned5 18. Bc4 Be6 19. Bxe5 Bxe5 20. Nxe5 Rad8 21. Na3 Kg7 22. Re1 f6 23. Nf3 Bf7 24. Rad1 a6 25. Bb3 b5 26. Nc2 Rxe1+ 27. Nfxe1 Re8 28. Kf1 Re7 29. Nf3 g5 30. Ncd4 Kg6 31. Bc2+ Kg7 32. Nf5+ 1-0

[Event "Early-Titled-Tuesday-Blitz-February-27-2024"]
[Site "Chess.com"]
[Date "2024.02.27"]
[Round "10"]
[White "Chessmissile07"]
[Black "burbur555"]
[Result "1-0"]
[WhiteElo "2865"]
[BlackElo "2567"]
[TimeControl "180+1"]
[EndTime "9:54:11 PST"]
[Termination "Chessmissile07 won on time"]

1. a3 c6 2. Nf3 d5 3. g3 Bf5 4.
Bg2 e6 5. O-O Nf6 6. d3 h6 7. Nbd2 Be7 8. b4 a5 9. Rb1 axb4 10.
axb4 O-O 11. c3 Nbd7 12. Nb3 Bh7 13. Qc2 b6 14. Bf4 Qc8 15. Ra1 Qb7 16. Qb2 c5 17. b5 Rfc8 18. c4 Ne8 19. Ne5 Bf6 20. cxd5 exd5 21.
d4 cxd4 22. Rxa8 Rxa8 23. Nc6 Be4 24. Nbxd4 Bxg2 25. Kxg2 Nc5 26. Be5 Bxe5 27. Nxe5 Nd6 28. Nec6 Ra4 29. e3 Qa8 30. Qe2 Ra2 31. Qf3 Nce4 32.
Nf5 Nxf5 33. Qxf5 Nf6 34. Rc1 Kh8 35. Nd4 Qb7 36. Rc8+ Ng8 37. Rf8 f6 38. Qe6 1-0

[Event "Early-Titled-Tuesday-Blitz-February-27-2024"]
[Site "Chess.com"]
[Date "2024.02.27"]
[Round "10"]
[White "sorch29"]
[Black "MikeSailer"]
[Result "1-0"]
[WhiteElo "2405"]
[BlackElo "2181"]
[TimeControl "180+1"]
[EndTime "9:54:12 PST"]
[Termination "sorch29 won by resignation"]

1. d4 d5 2. c4 Bf5 3. Nc3 e6 4.
Nf3 Nc6 5. cxd5 exd5 6. Bg5 f6 7. Bh4 Bb4 8. e3 Nge7 9. Rc1 a6 10. Be2 Qd7 11. O-O O-O 12. Bg3 Bd6 13. Na4 Bxg3 14. hxg3 Rab8 15. Nc5 Qd6 16. a3 g5 17. b4 Kg7 18.
Re1 h5 19. Qb3 Rh8 20. Nd2 g4 21. Bd3 h4 22. gxh4 Rxh4 23. g3 Rh3 24. Kg2 Rbh8 25. Rh1 Bxd3 26. Nxd3 Qe6 27. Nf4 Rxh1 28. Nxe6+ Kf7 29.
Rxh1 Rxh1 30. Kxh1 Kxe6 31. Qd3 1-0

[Event "Early-Titled-Tuesday-Blitz-February-27-2024"]
[Site "Chess.com"]
[Date "2024.02.27"]
[Round "10"]
[White "ajedrezsinlimites"]
[Black "Muslim_player_05"]
[Result "0-1"]
[WhiteElo "2559"]
[BlackElo "2485"]
[TimeControl "180+1"]
[EndTime "9:54:13 PST"]
[Termination "Muslim_player_05 won by resignation"]

1. e4 e5 2. Nf3 Nc6 3. Bb5 a6 4.
Ba4 Nf6 5. O-O d6 6. c3 Bd7 7. h3 Nxe4 8. d4 Be7 9. dxe5 Nxe5 10. Nxe5 dxe5 11. Re1 Nc5 12. Bxd7+ Nxd7 13. f4 exf4 14. Qe2 Nc5 15. Qe5 Ne6 16. Bxf4 O-O 17. Be3 Bd6 18. Qh5 g6 19. Qh6 Qf6 20. Nd2 Rfe8 21. Ne4 Qg7 22. Nxd6 Qxh6 23. Bxh6 cxd6 24. Rad1 Rad8 25. Rd5 Nc7 26.
Rxe8+ Nxe8 27. Bg5 f6 28. Be3 Kf7 29. Bb6 Rc8 30. Kf2 Rc6 31. Be3 Nc7 32. Rd3 Ne6 33. Kf3 Nc5 34. Rd2 Ke6 35. Bd4 d5 36. Ke3 Ne4 37.
Rd1 f5 38. Kf4 g5+ 39. Ke3 f4+ 40. Kf3 h5 41. h4 Kf5 42. hxg5 Nxg5+ 43. Kf2 Ne4+ 44.
Kf3 Rg6 45. Rg1 Rg3+ 46. Ke2 h4 47. Kf1 Kg4 48. Rh1 Rd3 49. a4 Rd1+ 0-1